 Dungeon Crawl Stone Soup version 0.27-a0-972-gd1521fd518 (webtiles) character file.

Game seed: 6671596881775031285

63 Morbidden the Shooter (level 3, 0/30 HPs)
             Began as a Demigod Hunter on Apr 13, 2021.
             Slain by a hound (1 damage)
             ... on level 3 of the Dungeon.
             The game lasted 00:03:36 (1792 turns).

Morbidden the Shooter (Demigod Hunter)              Turns: 1792, Time: 00:03:37

Health: 0/30       AC:  3    Str: 17    XL:     3   Next: 61%
Magic:  6/6        EV: 12    Int: 13    God:
Gold:   98         SH:  0    Dex: 14    Spells: 4/4 levels left

rFire    . . .     SeeInvis .   a - +1 shortbow
rCold    . . .     Faith    .   (shield currently unavailable)
rNeg     . . .     Spirit   .   c - +0 leather armour
rPois    .         Reflect  .   (no helmet)
rElec    .         Harm     .   (no cloak)
rCorr    .         Rampage  .   (no gloves)
Will     .....                  (no boots)
Stlth    +.........             i - amulet of the acrobat
HPRegen  0.10/turn              (no ring)
MPRegen  0.10/turn              (no ring)

@: no status effects
A: high mp 1, forlorn
a: no special abilities


You were on level 3 of the Dungeon.
You visited 1 branch of the dungeon, and saw 3 of its levels.

You collected 98 gold pieces.

Inventory:

Hand Weapons
 a - a +1 shortbow (weapon)
Missiles
 d - 6 arrows (quivered ammo)
 n - 2 boomerangs
Armour
 c - a +0 leather armour (worn)
Magical Staves
 e - a staff of death
Jewellery
 i - an amulet of the acrobat (around neck)
Scrolls
 b - a scroll of vulnerability {unknown}
 f - 2 scrolls of identify {unknown}
 g - a scroll of blinking {unknown}
 h - a scroll of acquirement {unknown}
 j - a scroll of enchant armour {unknown}
 m - a scroll of teleportation {unknown}
Potions
 k - a potion of curing {unknown}
 l - a potion of mutation {unknown}


   Skills:
 * Level 2.3 Fighting
 + Level 4.2 Bows
 + Level 0.3 Armour
 + Level 1.9 Dodging
 + Level 1.1 Stealth
 + Level 0.4 Unarmed Combat
 * Level 1.0 Spellcasting


You had 4 spell levels left.
You didn't know any spells.
Your spell library was empty.

Dungeon Overview and Level Annotations

Branches:
Dungeon (3/15)


Innate Abilities, Weirdness & Mutations

Your attributes grow dramatically as you level up.
You have an increased reservoir of magic. (+10% MP)
You shall have no god before yourself.


Message History

Press: ? - help, Q - select action, (/) - cycle Shift-Dir - straight line, f/p - hound
Aim: a hound (lightly wounded, 53% to hit)
You shoot an arrow. The arrow closely misses the hound.
The hound bites you.
* * * LOW HITPOINT WARNING * * *
The hound closely misses you.
Fire: 11 arrows
Press: ? - help, Q - select action, (/) - cycle Shift-Dir - straight line, f/p - hound
Aim: a hound (lightly wounded, 53% to hit)
You shoot an arrow. The arrow hits the hound!
The hound is heavily wounded.
The hound bites you but does no damage.
Fire: 10 arrows
Press: ? - help, Q - select action, (/) - cycle Shift-Dir - straight line, f/p - hound
Aim: a hound (heavily wounded, 53% to hit)
You shoot an arrow. The arrow barely misses the hound.
The hound bites you.
* * * LOW HITPOINT WARNING * * *
The hound bites you.
* * * LOW HITPOINT WARNING * * *
Fire: 9 arrows
Press: ? - help, Q - select action, (/) - cycle Shift-Dir - straight line, f/p - hound
Aim: a hound (heavily wounded, 53% to hit)
You shoot an arrow. The arrow misses the hound.
The hound barely misses you.
Fire: 8 arrows
Press: ? - help, Q - select action, (/) - cycle Shift-Dir - straight line, f/p - hound
Aim: a hound (heavily wounded, 53% to hit)
You shoot an arrow.
The arrow hits the hound but does no damage.
The hound is heavily wounded.
The hound misses you. x2
Unknown command.
Unknown command.
Fire: 7 arrows
Press: ? - help, Q - select action, (/) - cycle Shift-Dir - straight line, f/p - hound
Aim: a hound (heavily wounded, 53% to hit)
You shoot an arrow. The arrow closely misses the hound.
The hound bites you.
You die...

###
#@#
#h#
#.#
.(#
###


You could see a hound.

Vanquished Creatures
  2 adders (D:2)
  A dart slug (D:1)
  2 orcs (D:2)
  2 endoplasms (D:2)
  4 giant cockroaches
  5 goblins
  3 hobgoblins
  2 kobolds
  3 quokkas
  4 ball pythons
  4 bats
  6 rats
38 creatures vanquished.

Notes
Turn   | Place    | Note
-------+----------+-------------------------------------------
     0 | D:1      | Morbidden the Demigod Hunter began the quest for the Orb.
     0 | D:1      | Reached XP level 1. HP: 17/17 MP: 3/3
   109 | D:1      | Reached XP level 2. HP: 24/24 MP: 4/4
   168 | D:1      | Reached skill level 4 in Bows
   399 | D:1      | Reached skill level 1 in Stealth
   877 | D:2      | HP: 1/24 [goblin/+0 club (2)]
  1010 | D:2      | Reached XP level 3. HP: 29/29 MP: 6/6
  1765 | D:2      | Reached skill level 1 in Spellcasting
  1789 | D:3      | HP: 1/30 [hound (1)]
  1792 | D:3      | Slain by a hound

Illustrated notes

Levels and vault maps discovered:
D:1:      erik_arrival_triangle_small, layout_rooms,
          ebering_ecumenical_altar_mist, minmay_tiny_reverse_x
D:2:      layout_basic
D:3:      layout_loops_ring, minmay_puff, uniq_crazy_yiuf_cottage

Skill      XL: |  1  2  3 |
---------------+----------+-----
Fighting       | 2 |  2.3
Bows           | 4 |  4.2
Stealth        | 1 |  1.1
Spellcasting   | 1 |  1.0
Armour         | |  0.3
Dodging        | |  1.9
Unarmed Combat | |  0.4

Action                   || total
-------------------------++-------
Melee: Unarmed           ||   100
       Punch             ||     1
 Fire: Shortbow          ||    55
Throw: Boomerang         ||    12
  Use: Potion            ||     1
 Stab: Sleeping          ||     1
Armor: Leather armour    ||    30
Dodge: Dodged            ||   128

Table legend: (Time is in decaauts)
 A = Elapsed time spent in this place.
 B = Non-inter-level travel time spent in this place.
 C = Inter-level travel time spent in this place.
 D = Time resting spent in this place.
 E = Time spent auto-exploring this place.
 F = Levels seen in this place.
 G = Mean time per level.
                   A        B        C        D        E       F      G
               +--------+--------+--------+--------+--------+-----+--------+
         Total |   1787 |   1747 |     40 |      0 |   1400 |   3 |  595.7 |
       Dungeon |   1787 |   1747 |     40 |      0 |   1400 |   3 |  595.7 |
               +--------+--------+--------+--------+--------+-----+--------+

Top non-repeatable levels by time:
     D:2: 1236 daAuts
     D:1: 542 daAuts
     D:3: 8 daAuts
